cohdb
Replays
Latest Replays
All Replays
Popular Replays
Top Player Replays
Match Explorer
How It Works
Community
CoH3 Stats
Reddit
Sign in to upload your games and track your stats! →
Sign in with Steam
Match 44505871
Unlisted
Match 44505871
Overview
Messages
Build Orders
End
Construct Section Command Post
Selects Canadian Shock Battlegroup
Infantry Section
Infantry Section
Dingo Light Scout Car
Selects Offensive Resupply
Grenade Package
Construct Platoon Command Post
Selects Canadian Shock Section
Canadian Shock Section
Selects Incendiary Munitions
Humber Armored Car
6-pounder Anti-tank Gun Team
Infantry Section
Selects Pyrotechnics
Construct Company Command Post
Crusader II Medium Tank
Crusader II Medium Tank
Armored Vehicle Training
Royal Engineer Section
Selects Demolition Engineering
Selects Smoke Operation
Smoke Operation
woof_raff
Friendly Mouse(Poxie)
El Chupicabra
Vichunt_st
0
0
Comments
sign in to comment!
No comments posted yet!